 Dungeon Sprint DCSS version 0.17-a0-1910-g4c791fa (webtiles) character file.

11900000 Ordine the Formicid Barricade (level 27, -209/249 HPs)
             Began as a Formicid Fighter on Sept 26, 2015.
             Was the Champion of Makhleb.
             Annihilated by a sculptor of flesh
             ... wielding a +9 great sword
              (259 damage)
             ... in the Dungeon (Sprint VIII: "Arena of Blood").
             The game lasted 00:06:46 (119 turns).

Ordine the Formicid Barricade (Formicid Fighter)     Turns: 119, Time: 00:06:46

Health: -209/249   AC: 13    Str: 23    XL:     27
Magic:  46/54      EV: 32    Int: 10    God:    Makhleb [******]
Gold:   0          SH: 19    Dex: 19    Spells: 0 memorised, 80 levels left

rFire  . . .     SeeInvis +     k - +∞ Axe of Woe
rCold  . . .     Clarity  .     a - +0 scale mail
rNeg   . . .     SustAt   .     b - +0 shield
rPois  .         Gourm    .     (helmet unavailable)
rElec  .         Spirit   .     (no cloak)
rCorr  .         Warding  .     (no gloves)
rMut   .         Stasis   +     (no boots)
MR     ++...                    (no amulet)
Stlth  ++++++++..               (no ring)
                                (no ring)

@: very resistant to hostile enchantments, extraordinarily stealthy
A: permanent stasis, dig shafts and tunnels, four strong arms, antennae 3
a: Dig, Minor Destruction, Lesser Servant of Makhleb, Major Destruction, Greater
Servant of Makhleb, Renounce Religion


You were in the Dungeon.
You worshipped Makhleb.
Makhleb was exalted by your worship.
You were not hungry.

You visited 1 branch

Inventory:

Hand weapons
 k - the +∞ Axe of Woe (weapon)
   (You found it in the Dungeon)
Armour
 a - a +0 scale mail (worn)
 b - a +0 shield (worn)
Scrolls
 j - a scroll of blinking
Potions
 c - a potion of might
 e - a potion of curing
 f - a potion of heal wounds
 g - a potion of haste
 h - 2 potions of magic
 i - a potion of berserk rage
Comestibles
 d - a bread ration


   Skills:
 O Level 27 Fighting
 O Level 27 Axes
 O Level 27 Throwing
 O Level 27 Armour
 O Level 27 Dodging
 O Level 27 Stealth
 O Level 27 Shields
 O Level 27 Unarmed Combat
 O Level 27 Spellcasting
 O Level 27 Invocations


You had 80 spell levels left.
You didn't know any spells.

Dungeon Overview and Level Annotations

Branches:
Dungeon (1/1)

Altars:
Makhleb


Innate Abilities, Weirdness & Mutations

You are under a permanent stasis effect.
You can dig through walls and to a lower floor.
Your four strong arms can wield two-handed weapons with a shield.
You have a pair of large antennae on your head (SInv).


Message History

You hear a shout! x4
You hear a shout! x4
A fleshlord comes into view. It is wielding a +9 great mace.
The fleshlord shouts!
You slash the crawling corpse!
You butcher the crawling corpse messily.
You destroy the crawling corpse!
You hear a shout! x4
The eight-headed meat hydra calls on the powers of darkness!
The eight-headed meat hydra convulses!
Your body is wracked with pain!
* * * LOW HITPOINT WARNING * * *
The fleshlord convulses!
You hear a shout! x3
Unknown command.
Unknown command.
Unknown command.
You hear a shout!
The sculptor of flesh hits you with a +9 great sword!!!!!
Ouch! That really hurt!
You die...

..%..... ..
...%.%.###.....#
........S......#
.X.#.#.........#
%%............=#
)x#X#)#........#
)§)§)...§......#
)))#)#.#X§#)..D####
%......{§#)....z@.#
%..%..)..)#)...##.#
.........#p....####
...%...........#
#...#....D.##..#
....#.....##...#
....#.....#..D.#
...#....##.....#
....#


You could see 2 eight-headed meat hydras, a fleshlord and a sculptor of flesh.

Vanquished Creatures
  6 hell beasts (D)
  4 greater mummies (D)
  6 great orbs of eyes (D)
  2 wraiths (D)
  14 vampire knights (D)
  42 ogres (D)
  7 liches (D)
  91 orcs (D)
  A phantom (D)
  9 hill giants (D)
  10 skeletal warriors (D)
  9 large abominations (D)
  11 small abominations (D)
  9 crawling corpses (D)
221 creatures vanquished.

Vanquished Creatures (others)
  Harold (D)
  An orc (D)
  2 small abominations (D)
  3 crawling corpses (D)
7 creatures vanquished.

Grand Total: 228 creatures vanquished

Notes
Turn   | Place    | Note
--------------------------------------------------------------
     0 | D        | Ordine the Formicid Fighter began the quest for the Orb.
     0 | D        | Reached XP level 1. HP: 18/18 MP: 1/1
     3 | D        | Noticed a bag of meat
     3 | D        | Became a worshipper of Makhleb the Destroyer
     5 | D        | Noticed a meat berserker
     7 | D        | Noticed a meat berserker
     7 | D        | Noticed a bag of meat
     7 | D        | Killed a meat berserker
     7 | D        | Reached skill level 19 in Fighting
     7 | D        | Reached skill level 21 in Shields
     7 | D        | Reached skill level 10 in Unarmed Combat
     7 | D        | Reached XP level 2. HP: 20/51 MP: 2/2
     7 | D        | Reached XP level 3. HP: 22/58 MP: 3/3
     7 | D        | Reached XP level 4. HP: 24/65 MP: 4/4
     7 | D        | Reached XP level 5. HP: 26/72 MP: 5/5
     7 | D        | Reached XP level 6. HP: 28/79 MP: 6/6
     7 | D        | Reached XP level 7. HP: 30/85 MP: 7/7
     7 | D        | Reached XP level 8. HP: 32/93 MP: 8/8
     7 | D        | Reached XP level 9. HP: 34/99 MP: 9/9
     7 | D        | Reached XP level 10. HP: 36/107 MP: 10/10
     7 | D        | Reached XP level 11. HP: 38/113 MP: 11/11
     7 | D        | Reached XP level 12. HP: 40/120 MP: 12/12
     7 | D        | Reached XP level 13. HP: 42/127 MP: 13/13
     8 | D        | Noticed a bag of meat
     9 | D        | Noticed a bag of meat
     9 | D        | Noticed a bag of meat
     9 | D        | Noticed a bag of meat
    10 | D        | Killed a meat berserker
    10 | D        | Acquired Makhleb's first power
    10 | D        | Reached skill level 22 in Fighting
    10 | D        | Reached skill level 1 in Axes
    10 | D        | Reached skill level 24 in Shields
    10 | D        | Reached XP level 14. HP: 45/141 MP: 14/14
    10 | D        | Reached XP level 15. HP: 47/148 MP: 15/15
    10 | D        | Noticed a bag of meat
    11 | D        | Noticed a meat berserker
    11 | D        | Noticed a bag of meat
    11 | D        | Noticed a meat berserker
    11 | D        | Killed a bag of meat
    11 | D        | Reached skill level 25 in Shields
    11 | D        | Killed a bag of meat
    11 | D        | Acquired Makhleb's second power
    11 | D        | Reached skill level 26 in Shields
    11 | D        | Reached XP level 16. HP: 111/161 MP: 16/16
    12 | D        | Noticed a bag of meat
    12 | D        | Noticed a meat berserker
    12 | D        | Killed a bag of meat
    12 | D        | Reached skill level 5 in Axes
    12 | D        | Reached skill level 27 in Shields
    12 | D        | Killed a bag of meat
    12 | D        | Acquired Makhleb's third power
    12 | D        | Reached skill level 27 in Fighting
    12 | D        | Noticed a bag of meat
    13 | D        | Noticed a meat berserker
    13 | D        | Noticed a bag of meat
    13 | D        | Noticed a bag of meat
    13 | D        | Noticed a bag of meat
    13 | D        | Killed a meat berserker
    13 | D        | Reached skill level 27 in Armour
    13 | D        | Reached XP level 17. HP: 161/174 MP: 17/17
    13 | D        | Killed a meat berserker
    13 | D        | Reached XP level 18. HP: 168/182 MP: 18/18
    13 | D        | Killed a bag of meat
    13 | D        | Acquired Makhleb's fourth power
    14 | D        | Noticed a bag of meat
    14 | D        | Noticed a bag of meat
    14 | D        | Noticed a bag of meat
    14 | D        | Noticed a bag of meat
    14 | D        | Killed a bag of meat
    14 | D        | Killed a meat berserker
    14 | D        | Reached skill level 27 in Unarmed Combat
    14 | D        | Reached XP level 19. HP: 189/189 MP: 19/19
    14 | D        | Killed a bag of meat
    14 | D        | Acquired Makhleb's fifth power
    14 | D        | Reached skill level 27 in Axes
    14 | D        | Noticed a bag of meat
    15 | D        | Noticed a large bag of meat
    15 | D        | Noticed a bag of meat
    15 | D        | Noticed a destroyer
    15 | D        | Noticed a bag of meat
    15 | D        | Noticed a bag of meat
    16 | D        | Noticed a meat berserker
    16 | D        | Killed a bag of meat
    16 | D        | Reached skill level 5 in Throwing
    16 | D        | Reached XP level 20. HP: 197/197 MP: 19/29
    16 | D        | Killed a bag of meat
    18 | D        | Noticed a meat berserker
    18 | D        | Noticed a large bag of meat
    18 | D        | Noticed a meat berserker
    18 | D        | Noticed a bag of meat
    18 | D        | Noticed a bag of meat
    19 | D        | Noticed a bag of meat
    19 | D        | Noticed a bag of meat
    19 | D        | Noticed a bag of meat
    19 | D        | Killed a meat berserker
    19 | D        | Reached skill level 15 in Invocations
    20 | D        | Killed a meat berserker
    20 | D        | Reached skill level 15 in Spellcasting
    20 | D        | Reached XP level 21. HP: 204/204 MP: 19/40
    20 | D        | Killed a destroyer
    20 | D        | Reached skill level 15 in Throwing
    20 | D        | Killed a meat berserker
    20 | D        | Reached XP level 22. HP: 212/212 MP: 19/45
    21 | D        | Noticed a meat berserker
    21 | D        | Noticed a meat berserker
    21 | D        | Noticed a destroyer
    21 | D        | Noticed a large bag of meat
    21 | D        | Noticed a destroyer
    21 | D        | Killed a bag of meat
    21 | D        | Killed a bag of meat
    21 | D        | Killed a bag of meat
    21 | D        | Killed a bag of meat
    21 | D        | Reached skill level 27 in Stealth
    21 | D        | Reached XP level 23. HP: 219/219 MP: 19/49
    22 | D        | Killed a bag of meat
    23 | D        | Noticed a destroyer
    23 | D        | Noticed a bag of meat
    23 | D        | Killed a meat berserker
    23 | D        | Reached skill level 27 in Invocations
    23 | D        | Killed a bag of meat
    24 | D        | Noticed a bag of meat
    24 | D        | Noticed a destroyer
    24 | D        | Killed a bag of meat
    24 | D        | Killed a bag of meat
    24 | D        | Reached skill level 27 in Spellcasting
    24 | D        | Reached XP level 24. HP: 227/227 MP: 20/54
    24 | D        | Killed a destroyer
    24 | D        | Reached skill level 27 in Throwing
    24 | D        | Reached skill level 27 in Dodging
    24 | D        | Killed a large bag of meat
    25 | D        | Killed a bag of meat
    25 | D        | Killed a bag of meat
    25 | D        | Reached XP level 25. HP: 234/234 MP: 20/54
    26 | D        | Noticed a bag of meat
    26 | D        | Killed a bag of meat
    26 | D        | Killed a bag of meat
    26 | D        | Killed a meat berserker
    27 | D        | Noticed a meat berserker
    27 | D        | Noticed a meat berserker
    27 | D        | Killed a bag of meat
    28 | D        | Noticed a bag of meat
    28 | D        | Noticed a large bag of meat
    28 | D        | Noticed a large bag of meat
    28 | D        | Killed a bag of meat
    28 | D        | Killed a destroyer
    28 | D        | Reached XP level 26. HP: 242/242 MP: 21/54
    28 | D        | Killed a destroyer
    28 | D        | Killed a meat berserker
    28 | D        | Reached XP level 27. HP: 249/249 MP: 21/54
    29 | D        | Noticed a meat berserker
    29 | D        | Killed a bag of meat
    29 | D        | Killed a large bag of meat
    29 | D        | Killed a destroyer
    30 | D        | Noticed a meat berserker
    30 | D        | Noticed a meat berserker
    30 | D        | Noticed a bag of meat
    30 | D        | Killed a bag of meat
    30 | D        | Killed a bag of meat
    31 | D        | Noticed a bag of meat
    31 | D        | Noticed a bag of meat
    31 | D        | Noticed a bag of meat
    32 | D        | Noticed a destroyer
    32 | D        | Noticed a bag of meat
    32 | D        | Noticed a meat berserker
    32 | D        | Noticed a destroyer
    32 | D        | Noticed a bag of meat
    32 | D        | Noticed a bag of meat
    32 | D        | Noticed a bag of meat
    32 | D        | Noticed a bag of meat
    32 | D        | Killed a meat berserker
    32 | D        | Killed a bag of meat
    33 | D        | Noticed a meat berserker
    33 | D        | Killed a meat berserker
    33 | D        | Killed a bag of meat
    33 | D        | Killed a bag of meat
    34 | D        | Noticed a bag of meat
    34 | D        | Noticed a bag of meat
    34 | D        | Noticed a meat berserker
    34 | D        | Killed a meat berserker
    35 | D        | Noticed a bag of meat
    35 | D        | Noticed a bag of meat
    35 | D        | Killed a meat berserker
    36 | D        | Noticed a bag of meat
    36 | D        | Noticed The Servant
    36 | D        | Noticed a bag of meat
    36 | D        | Noticed a bag of meat
    36 | D        | Killed a meat berserker
    36 | D        | Killed a large bag of meat
    37 | D        | Noticed a bag of meat
    37 | D        | Noticed a bag of meat
    37 | D        | Noticed a bag of meat
    37 | D        | Killed a bag of meat
    37 | D        | Killed a bag of meat
    37 | D        | Killed a large bag of meat
    37 | D        | Killed a bag of meat
    38 | D        | Noticed a destroyer
    38 | D        | Noticed a meat berserker
    38 | D        | Noticed a bag of meat
    38 | D        | Noticed a bag of meat
    38 | D        | Noticed a bag of meat
    38 | D        | Killed a meat berserker
    38 | D        | Killed a meat berserker
    39 | D        | Noticed a sculptor of flesh
    39 | D        | Noticed a meat berserker
    39 | D        | Noticed a sculptor of flesh
    39 | D        | Noticed a bag of meat
    39 | D        | Noticed a destroyer
    40 | D        | Noticed a bag of meat
    40 | D        | Noticed a meat berserker
    40 | D        | Noticed a sculptor of flesh
    40 | D        | Noticed a large bag of meat
    40 | D        | Noticed a destroyer
    40 | D        | Noticed a bag of meat
    40 | D        | Noticed a bag of meat
    40 | D        | Noticed a bag of meat
    40 | D        | Killed a bag of meat
    40 | D        | Killed a bag of meat
    40 | D        | Killed a bag of meat
    40 | D        | Killed a bag of meat
    40 | D        | Noticed a bag of meat
    41 | D        | Noticed a bag of meat
    41 | D        | Noticed a bag of meat
    41 | D        | Noticed a sculptor of flesh
    41 | D        | Killed a bag of meat
    41 | D        | Killed a destroyer
    41 | D        | Killed a bag of meat
    42 | D        | Noticed a bag of meat
    42 | D        | Noticed a bag of meat
    42 | D        | Killed a meat berserker
    42 | D        | Killed a bag of meat
    42 | D        | Killed a bag of meat
    42 | D        | Killed a meat berserker
    43 | D        | Noticed a sculptor of flesh
    43 | D        | Noticed a bag of meat
    43 | D        | Noticed a sculptor of flesh
    43 | D        | Noticed a bag of meat
    43 | D        | Noticed a destroyer
    43 | D        | Noticed a sculptor of flesh
    43 | D        | Killed a bag of meat
    43 | D        | Killed a destroyer
    43 | D        | Killed a destroyer
    44 | D        | Noticed a bag of meat
    44 | D        | Killed a bag of meat
    44 | D        | Killed a large bag of meat
    45 | D        | Noticed a bag of meat
    45 | D        | Noticed a bag of meat
    45 | D        | Noticed a bag of meat
    45 | D        | Killed a bag of meat
    45 | D        | Killed a bag of meat
    45 | D        | Killed a bag of meat
    46 | D        | Noticed a bag of meat
    46 | D        | Killed a large bag of meat
    46 | D        | Killed a bag of meat
    47 | D        | Noticed a bag of meat
    47 | D        | Noticed a bag of meat
    47 | D        | Noticed a sculptor of flesh
    47 | D        | Noticed a large bag of meat
    47 | D        | Noticed a meat berserker
    47 | D        | Killed a bag of meat
    47 | D        | Killed a bag of meat
    47 | D        | Killed a meat berserker
    48 | D        | Noticed a bag of meat
    48 | D        | Noticed a bag of meat
    48 | D        | Noticed a meat berserker
    48 | D        | Noticed a bag of meat
    48 | D        | Noticed a meat berserker
    48 | D        | Killed a bag of meat
    48 | D        | Killed a sculptor of flesh
    48 | D        | Killed a meat berserker
    48 | D        | Killed a destroyer
    49 | D        | Noticed a meat berserker
    49 | D        | Noticed a meat berserker
    49 | D        | Killed a bag of meat
    49 | D        | Killed a bag of meat
    49 | D        | Killed a bag of meat
    50 | D        | Noticed a meat berserker
    50 | D        | Noticed a tyrant
    50 | D        | Killed a bag of meat
    50 | D        | Killed a bag of meat
    50 | D        | Killed a sculptor of flesh
    50 | D        | Killed a bag of meat
    51 | D        | Noticed a sculptor of flesh
    51 | D        | Killed a bag of meat
    51 | D        | Killed a bag of meat
    51 | D        | Killed a bag of meat
    51 | D        | Killed a bag of meat
    51 | D        | Killed a bag of meat
    52 | D        | Noticed a bag of meat
    52 | D        | Noticed an accursed
    52 | D        | Noticed a destroyer
    52 | D        | Noticed a bag of meat
    52 | D        | Noticed a bag of meat
    52 | D        | Killed a bag of meat
    52 | D        | Killed a sculptor of flesh
    52 | D        | Killed a bag of meat
    53 | D        | Killed a meat berserker
    53 | D        | Killed a sculptor of flesh
    53 | D        | Killed a bag of meat
    53 | D        | Killed a sculptor of flesh
    53 | D        | Noticed a destroyer
    54 | D        | Noticed a meat berserker
    54 | D        | Noticed a meat berserker
    54 | D        | Killed a bag of meat
    54 | D        | Killed a meat berserker
    54 | D        | Killed a sculptor of flesh
    55 | D        | Noticed a bag of meat
    55 | D        | Killed a bag of meat
    55 | D        | Killed a meat berserker
    55 | D        | Killed a bag of meat
    55 | D        | Killed a bag of meat
    56 | D        | Noticed a bag of meat
    56 | D        | Noticed a bag of meat
    56 | D        | Noticed an accursed
    56 | D        | Noticed a bag of meat
    56 | D        | Killed a meat berserker
    56 | D        | Killed a bag of meat
    57 | D        | Noticed a bag of meat
    57 | D        | Noticed a meat berserker
    57 | D        | Killed a destroyer
    57 | D        | Killed a bag of meat
    57 | D        | Killed a bag of meat
    57 | D        | Killed a destroyer
    57 | D        | Killed a sculptor of flesh
    57 | D        | Killed a destroyer
    57 | D        | Noticed a destroyer
    58 | D        | Noticed a meat berserker
    58 | D        | Noticed a tyrant
    58 | D        | Noticed an accursed
    58 | D        | Killed a meat berserker
    58 | D        | Killed a bag of meat
    59 | D        | Noticed a meat berserker
    59 | D        | Killed a meat berserker
    59 | D        | Killed a sculptor of flesh
    60 | D        | Noticed a bag of meat
    60 | D        | Killed a meat berserker
    60 | D        | Killed a bag of meat
    60 | D        | Killed a sculptor of flesh
    61 | D        | Noticed a tyrant
    61 | D        | Noticed a meat berserker
    61 | D        | Killed a bag of meat
    61 | D        | Killed a meat berserker
    61 | D        | Killed a bag of meat
    61 | D        | Killed a destroyer
    62 | D        | Killed a tyrant
    62 | D        | Killed a destroyer
    62 | D        | Killed a bag of meat
    62 | D        | Noticed a tyrant
    63 | D        | Noticed a bag of meat
    63 | D        | Noticed a large bag of meat
    63 | D        | Killed a bag of meat
    63 | D        | Killed a large bag of meat
    63 | D        | Killed a bag of meat
    63 | D        | Killed a meat berserker
    64 | D        | Noticed a bag of meat
    64 | D        | Noticed a bag of meat
    65 | D        | Killed a meat berserker
    65 | D        | Killed a bag of meat
    65 | D        | Killed a tyrant
    67 | D        | Noticed a meat berserker
    67 | D        | Noticed a meat berserker
    67 | D        | Killed a meat berserker
    67 | D        | Killed a bag of meat
    68 | D        | Killed a bag of meat
    69 | D        | Noticed a meat berserker
    69 | D        | Killed a bag of meat
    70 | D        | Noticed a meat beast
    70 | D        | Killed a meat berserker
    71 | D        | Noticed a bag of meat
    71 | D        | Noticed a dread
    71 | D        | Noticed a meat berserker
    71 | D        | Killed a tyrant
    71 | D        | Killed a bag of meat
    71 | D        | Killed a bag of meat
    71 | D        | Killed a large bag of meat
    72 | D        | Noticed an accursed
    72 | D        | Killed an accursed
    72 | D        | Killed a meat berserker
    73 | D        | Killed a meat berserker
    74 | D        | Killed a meat berserker
    74 | D        | Killed a meat beast
    74 | D        | Killed a bag of meat
    75 | D        | Noticed a meat berserker
    75 | D        | Killed a bag of meat
    75 | D        | Killed a meat berserker
    75 | D        | Killed a tyrant
    76 | D        | Noticed a bag of meat
    76 | D        | Killed a bag of meat
    77 | D        | Noticed a dread
    77 | D        | Noticed a bag of meat
    77 | D        | Noticed a meat berserker
    78 | D        | Noticed a meat berserker
    78 | D        | Noticed a bag of meat
    78 | D        | Killed an accursed
    78 | D        | Killed a meat berserker
    79 | D        | Noticed a bag of meat
    79 | D        | Noticed a meat beast
    80 | D        | Noticed a meat beast
    80 | D        | Killed a dread
    80 | D        | Killed a meat beast
    81 | D        | Noticed a large bag of meat
    81 | D        | Noticed a meat beast
    82 | D        | Killed a meat berserker
    82 | D        | Killed The Servant
    83 | D        | Killed a meat beast
    83 | D        | Killed a meat beast
    84 | D        | Noticed a tyrant
    84 | D        | Noticed a bag of meat
    84 | D        | Killed a bag of meat
    84 | D        | Killed a bag of meat
    85 | D        | Killed a meat berserker
    86 | D        | Noticed a wretched soul
    86 | D        | Noticed a sculptor of flesh
    87 | D        | Killed an accursed
    89 | D        | Noticed an observer
    89 | D        | Noticed an observer
    89 | D        | Killed an observer
    92 | D        | Killed a wretched soul
    93 | D        | Noticed an observer
    93 | D        | Killed an observer
    94 | D        | Killed an accursed
    94 | D        | Noticed an observer
    95 | D        | Killed a dread
    96 | D        | Noticed a tyrant
    96 | D        | Killed a bag of meat
    96 | D        | Killed a tyrant
    99 | D        | Noticed a tyrant
    99 | D        | Noticed a meat berserker
   100 | D        | Noticed a meat beast
   100 | D        | Noticed an observer
   100 | D        | Noticed an observer
   100 | D        | Killed an observer
   101 | D        | Killed a large bag of meat
   101 | D        | Killed a bag of meat
   101 | D        | Killed a bag of meat
   103 | D        | Killed an observer
   104 | D        | Killed a meat beast
   105 | D        | Noticed a meat beast
   106 | D        | Killed a tyrant
   106 | D        | Killed a sculptor of flesh
   107 | D        | Killed an observer
   107 | D        | Killed an observer
   107 | D        | Killed a tyrant
   107 | D        | Killed a meat beast
   108 | D        | Killed a meat berserker
   108 | D        | Killed a bag of meat
   109 | D        | Noticed a sculptor of flesh
   111 | D        | Noticed a scourge
   113 | D        | Noticed a scourge
   118 | D        | Noticed a fleshlord
   119 | D        | Annihilated by a sculptor of flesh

Vault maps used:
D:        meatsprint

Action                   |  1- 3 |  4- 6 |  7- 9 | 10-12 | 13-15 | 16-18 | 19-21 | 22-24 | 25-27 || total
-------------------------+-------+-------+-------+-------+-------+-------+-------+-------+-------++-------
Melee: Executioner's axe |     1 |       |       |       |     2 |     3 |     3 |     5 |    71 ||    85
 Abil: Dig               |       |       |       |       |       |       |       |       |     1 ||     1
